 Seeded DCSS version 0.30-a0-1008-g30c9307041 (webtiles) character file.

Game seed: 3299072078165004295 (custom seed)

347 GigaChad the Shield-Bearer (level 6, -2/49 HPs)
             Began as a Formicid Fighter on Apr 5, 2023.
             Slain by a gnoll
             ... wielding a +0 flail
              (4 damage)
             ... on level 4 of the Dungeon.
             The game lasted 00:03:48 (3876 turns).

GigaChad the Shield-Bearer (Formicid Fighter)       Turns: 3876, Time: 00:03:50

Health: -2/49      AC:  7    Str: 23    XL:     6   Next: 91%
Magic:  6/6        EV: 10    Int:  7    God:
Gold:   183        SH:  5    Dex: 13    Spells: 5/5 levels left

rFire   . . .      SeeInvis +    h - +0 glaive
rCold   . . .      Faith    .    c - +0 buckler
rNeg    . . .      Spirit   .    b - +0 scale mail
rPois   .          Reflect  .    (helmet unavailable)
rElec   .          Rampage  .    (no cloak)
rCorr   .                        (no gloves)
Will    .....                    (no boots) Stlth
                                 (no amulet)
HPRegen 0.28/turn                (no ring)
MPRegen 0.10/turn                (no ring)

@: no status effects
A: permanent stasis, dig shafts and tunnels, antennae 3, four strong arms
a: Dig, Shaft Self


You were on level 4 of the Dungeon.
You visited 1 branch of the dungeon, and saw 4 of its levels.

You collected 183 gold pieces.

Inventory:

Hand Weapons
 a - a +0 war axe of protection
 h - a +0 glaive (weapon)
Armour
 b - a +0 scale mail (worn)
 c - a +0 buckler (worn)
Scrolls
 j - a scroll of amnesia
 l - a scroll of poison
 m - 2 scrolls of identify
 n - a scroll of fear
Potions
 d - a potion of might
 e - 2 potions of brilliance {unknown}
 f - a potion of attraction {unknown}
 g - a potion of lignification {unknown}
 i - 3 potions of heal wounds {unknown}
 k - a potion of degeneration {unknown}
 o - 2 potions of ambrosia {unknown}


   Skills:
 + Level 4.3 Fighting
 + Level 3.8(4.2) Axes
 + Level 2.6(3.6) Polearms
 + Level 4.4 Armour
 + Level 1.2 Dodging
 + Level 0.2 Stealth
 + Level 4.9 Shields


You had 5 spell levels left.
You didn't know any spells.
Your spell library contained the following spells:

 Spells                   Type           Power      Damage    Failure   Level
 Sting                    Tmut/Pois      0%         1d3       80%         1
 Scorch                   Fire           0%         2d5       91%         2
 Ozocubu's Armour         Ice            0%         N/A       99%         3
 Flame Wave               Conj/Fire      0%         2d4       100%        4
 Blade Hands              Tmut           0%         N/A       100%        5
 Irradiate                Conj/Tmut      0%         3d11      100%        5
 Yara's Violent Unravell  Hex/Tmut       0%         3d3       100%        5
 Summon Cactus Giant      Summ           0%         N/A       100%        6
 Dragon Form              Tmut           0%         N/A       100%        7
 Ozocubu's Refrigeration  Ice            0%         4d7       100%        7
 Dragon's Call            Summ           0%         N/A       100%        9


Dungeon Overview and Level Annotations

Branches:
Dungeon (4/15)
 Temple: D:4-7

Altars:

Annotations:
D:1 1 runed translucent door


Innate Abilities, Weirdness & Mutations

You cannot be hasted, slowed, berserked, paralysed or teleported.
You can dig through walls and to a lower floor.
You have a pair of large antennae on your head. (SInv)
Your four strong arms can wield two-handed weapons with a shield.


Message History

You slash the gnoll!
You kill the gnoll!
You block the gnoll's attack.
Things that are here:
a +0 whip; a gnoll corpse You closely miss the gnoll.
The gnoll hits you from afar with a +0 spear.
The gnoll hits you with a +0 club. You block the gnoll's attack.
The gnoll hits you from afar with a +0 spear.
You hit the gnoll but do no damage. The gnoll hits you with a +0 flail!
The gnoll hits you from afar with a +0 spear.
The gnoll misses you. The gnoll hits you with a +0 flail.
The gnoll hits you with a +0 club. The gnoll barely misses you.
You are too injured to fight recklessly!
You are too injured to fight recklessly!
You are too injured to fight recklessly!
You slash the gnoll!
The gnoll is almost dead.
The gnoll barely misses you. You block the gnoll's attack.
The gnoll barely misses you.
You hit the gnoll.
You kill the gnoll!
You block the gnoll's attack. x3; The gnoll hits you but does no damage.
You block the gnoll's attack. The gnoll hits you with a +0 flail!
* * * LOW HITPOINT WARNING * * *
You see here a +0 club.
You block the gnoll's attack.
You hit the gnoll.
The gnoll is moderately wounded.
The gnoll hits you with a +0 flail.
* * * LOW HITPOINT WARNING * * *
The gnoll closely misses you.
You closely miss the gnoll.
The gnoll is moderately wounded.
The gnoll hits you with a +0 flail.
* * * LOW HITPOINT WARNING * * *
The gnoll hits you with a +0 spear.
* * * LOW HITPOINT WARNING * * *
You block the gnoll's attack. The gnoll hits you with a +0 flail.
You die...

............
...........#
...........#
...........#
...>..[....#
...$.......#
..........##
.......g)..##
......g@.##.#
#......###..#
#....####...#
##### ##..###
##..## ##.)##
##..## ##..##
##..##


You could see 2 gnolls.

Vanquished Creatures
  3 hounds
  2 iguanas (D:4)
  Natasha (D:4)
  An orc wizard (D:3)
  2 gnolls (D:4)
  5 adders
  2 worms
  2 dart slugs
  5 orcs (D:3)
  6 endoplasms
  9 goblins
  10 hobgoblins
  A jackal (D:3)
  8 kobolds
  7 quokkas
  5 ball pythons
  5 bats
  4 frilled lizards
  2 rats (D:1)
80 creatures vanquished.

Vanquished Creatures (others)
  8 plants (D:2)
8 creatures vanquished.

Grand Total: 88 creatures vanquished

Notes
Turn   | Place    | Note
-------+----------+-------------------------------------------
     0 | D:1      | GigaChad the Formicid Fighter began the quest for the Orb.
     0 | D:1      | Reached XP level 1. HP: 18/18 MP: 1/1
     0 | D:1      | Noticed a jelly
     3 | D:1      | Found a runed translucent door.
   464 | D:1      | Reached XP level 2. HP: 24/24 MP: 2/2
   837 | D:2      | Reached XP level 3. HP: 25/29 MP: 3/3
   854 | D:2      | Got the Catalogue of Productive Modification
  1642 | D:3      | Reached XP level 4. HP: 35/37 MP: 4/4
  1960 | D:3      | Reached XP level 5. HP: 42/42 MP: 5/5
  2729 | D:3      | Reached skill level 1 in Polearms
  2995 | D:4      | Reached XP level 6. HP: 48/48 MP: 6/6
  3036 | D:4      | Noticed Natasha
  3048 | D:4      | Killed Natasha
  3526 | D:4      | Reached skill level 1 in Dodging
  3876 | D:4      | HP: 2/49 [gnoll/+0 spear (3)]
  3876 | D:4      | Slain by a gnoll

Illustrated notes

Levels and vault maps discovered:
D:1:      dpeg_arrival_caged_fury, layout_basic, palyth_stone_intersect
D:2:      layout_rooms, chequers_big_river
D:3:      minmay_skewed_foursquare, layout_loops_corners, st_stairs_1,
          wander_ebering_terrifying_dragon_lair
D:4:      layout_cave_pods, serial_column_ruins, column_ruins_hut,
          column_ruins_hut_ruined, column_ruins_corridor_corner,
          column_ruins_open_small, column_ruins_open_medium,
          column_ruins_open_small, column_ruins_columns_dead_end, uniq_natasha

Skill      XL: |  1  2  3  4  5  6 |
---------------+-------------------+-----
Axes           | 3 |  3.8
Fighting       | 4 |  4.3
Polearms       | 1 2 |  2.6
Armour         | 4 |  4.4
Dodging        | 1 |  1.2
Stealth        | |  0.2
Shields        | |  4.9

Action                     |  1- 3 |  4- 6 || total
---------------------------+-------+-------++-------
  Melee: War axe           |   113 |    15 ||   128
         Glaive            |       |   143 ||   143
    Use: Scroll            |     5 |     1 ||     6
 Armour: Scale mail        |    51 |    77 ||   128
  Dodge: Dodged            |    45 |    97 ||   142
  Block: Buckler           |    33 |    48 ||    81

Table legend: (Time is in decaauts)
 A = Elapsed time spent in this place.
 B = Non-inter-level travel time spent in this place.
 C = Inter-level travel time spent in this place.
 D = Time resting spent in this place.
 E = Time spent auto-exploring this place.
 F = Levels seen in this place.
 G = Mean time per level.
                   A        B        C        D        E       F      G
               +--------+--------+--------+--------+--------+-----+--------+
         Total |   4020 |   3907 |    113 |    762 |   2355 |   4 | 1005.0 |
       Dungeon |   4020 |   3907 |    113 |    762 |   2355 |   4 | 1005.0 |
               +--------+--------+--------+--------+--------+-----+--------+

Top non-repeatable levels by time:
     D:3: 1376 daAuts
     D:4: 963 daAuts
     D:2: 852 daAuts
     D:1: 827 daAuts
